Canucks vs Jets

Created - Sunday, April 05, 2015 at 01:07

Goals
1 2 3 OT1 T
Canucks 0 1 0 0 1
Jets 1 0 0 1 2
Shots
1 2 3 OT1 T
Canucks 8 9 5 5 27
Jets 10 17 7 1 35

1st period

1. Jets , Ryan Getzlaf 28 (Alex Ovechkin) at 7:49 (PP)

Penalties :
Mats Zuccarello (Van) for Hooking (Minor) at 3:27, Matt Moulson (Van) for High sticking (Minor) at 7:42, Willie Mitchell (Van) for Hooking (Minor) at 10:15, Tyler Myers (Wpg) for Slashing (Minor) at 16:05

2nd period

2. Canucks , Clarke MacArthur 27 (Pavel Datsyuk) at 3:16 (PP)

Penalties :
Victor Hedman (Van) for High sticking (Minor) at 0:17, Oliver Ekman-Larsson (Wpg) for Tripping (Minor) at 3:04, Clarke MacArthur (Van) for Hooking (Minor) at 11:40, Dan Hamhuis (Wpg) for Kneeing (Major) at 15:56

3rd period

No Goal

Penalties :
Colby Robak (Van) for Hooking (Minor) at 1:49, Wayne Simmonds (Wpg) for Hooking (Minor) at 8:24, Andrei Markov (Van) for Holding (Minor) at 10:04

Overtime #1

3. Jets , Tyler Myers 13 (Ryan Getzlaf, Tuukka Rask) at 1:03

Penalties :
No Penalty

Goalie Stats

Ben Bishop (Van), 33 saves from 35 shots - (0.943), OTL, 51-8-11, 61:03 minutes
Tuukka Rask (Wpg), 26 saves from 27 shots - (0.963), W, 47-18-1, 61:03 minutes

Players Stats for Canucks

Player Name              G  A  P  +/- PIM S  H  SB GA TA FO     MP     PP MP  PK MP  
------------------------------------------------------------------------------------
Andrei Markov            0  0  0  -1  2   4  0  1  0  2  0/0    29:09   5:19   6:44 
Boyd Gordon              0  0  0   0  0   0  0  1  0  0  10/18  18:21   0:30   8:56 
Brendan Gallagher        0  0  0   0  0   0  0  0  1  0  0/0     3:41   0:30   0:00 
Casey Cizikas            0  0  0   0  0   0  0  0  0  0  0/0    11:55   0:00   8:56 
Christopher Tanev        0  0  0   0  0   0  0  0  0  0  0/0    15:19   0:00   0:57 
Clarke MacArthur         1  0  1   0  2   6  3  1  2  1  0/1    18:01   4:26   0:00 
Cody Hodgson             0  0  0   0  0   0  0  0  0  0  4/12   17:58   3:54   0:00 
Colby Robak              0  0  0  -1  2   0  0  1  0  3  0/0    14:34   0:00   0:00 
Derick Brassard          0  0  0   0  0   0  2  0  3  0  0/0    17:03   3:54   0:00 
Jared Cowen              0  0  0   0  0   0  0  0  0  0  0/0     0:00   0:00   0:00 
Joel Ward                0  0  0   0  0   0  2  0  0  1  0/1    18:02   4:26   0:00 
Mats Zuccarello          0  0  0  -1  2   4  3  0  4  0  0/0    19:03   3:54   0:13 
Matt Moulson             0  0  0   0  2   1  1  0  1  0  0/0     8:25   0:00   0:00 
Michael Grabner          0  0  0   0  0   0  3  0  1  1  1/1    16:20   3:30   2:33 
Niklas Hjalmarsson       0  0  0   0  0   1  0  2  0  2  0/0    24:46   3:51   4:22 
Pavel Datsyuk            0  1  1  -1  0   10 2  0  3  0  11/27  25:33   4:56   2:46 
Victor Hedman            0  0  0   0  2   1  1  0  0  2  0/0    18:18   4:29   5:10 
Willie Mitchell          0  0  0   0  2   0  1  3  0  2  0/0    15:26   0:30   6:11 

Players Stats for Jets

Player Name              G  A  P  +/- PIM S  H  SB GA TA FO     MP     PP MP  PK MP  
------------------------------------------------------------------------------------
Alex Killorn             0  0  0   0  0   0  0  0  1  0  0/0     6:50   0:00   0:10 
Alex Ovechkin            0  1  1   1  0   3  3  0  2  0  1/2    24:18   6:14   5:54 
Antoine Roussel          0  0  0   0  0   0  1  0  0  0  0/0    12:26   0:00   1:02 
Colin Wilson             0  0  0   0  0   0  1  1  1  0  0/0     6:40   0:00   0:00 
Dan Hamhuis              0  0  0   0  5   3  2  4  0  2  0/0    25:31   6:07   3:20 
Danny DeKeyser           0  0  0   0  0   1  0  0  0  0  0/0    10:04   0:00   0:00 
Frans Nielsen            0  0  0   0  0   1  2  1  1  1  3/8    17:37   5:28   1:54 
John Tavares             0  0  0   0  0   4  1  0  4  0  4/9    11:24   0:00   0:00 
Keith Yandle             0  0  0   1  0   3  0  2  0  0  0/0    21:29   5:35   1:42 
Kyle Turris              0  0  0   0  0   3  0  0  1  0  4/5     6:40   0:00   0:00 
Marcus Kruger            0  0  0   0  0   1  0  0  0  1  1/2    12:16   0:00   0:52 
Matt Read                0  0  0   0  0   0  0  0  1  0  0/2    16:54   6:07   0:00 
Max Pacioretty           0  0  0   0  0   5  0  2  3  0  1/2    17:37   5:28   1:54 
Oliver Ekman-Larsson     0  0  0   0  2   3  0  2  0  1  0/0    29:15   6:07   6:56 
Ryan Getzlaf             1  1  2   1  0   4  1  1  3  1  20/29  24:18   6:14   5:54 
Ryan Murray              0  0  0   0  0   2  2  3  0  0  0/0    13:08   0:00   3:44 
Tyler Myers              1  0  1   1  2   1  2  2  0  0  0/0    22:53   5:35   1:58 
Wayne Simmonds           0  0  0   0  2   1  2  0  3  0  0/1    15:29   5:35   0:00 

3 Stars

1 - Ryan Getzlaf (Wpg)
2 - Tuukka Rask (Wpg)
3 - Ben Bishop (Van)

Power Play

Canucks - 1 on 4 Attempt(s) - 25.00%
Jets - 1 on 7 Attempt(s) - 14.29%

Penalty Kill

Canucks - 6 on 7 Attempt(s) - 85.71% - Score 0 goal in Penalty Kill
Jets - 3 on 4 Attempt(s) - 75.00% - Score 0 goal in Penalty Kill

Team Stat

Canucks - Hits : 18 - Faceoff Wins : 26 - Blocked Shots : 9 - Penalty Minutes : 14
Jets - Hits : 17 - Faceoff Wins : 34 - Blocked Shots : 18 - Penalty Minutes : 11

Official

Referees : Unknown
Linesman : Unknown

Game Notes

Victor Hedman is injured at 4:21 of 3rd period (Sprained Right Finger)
Ryan Murray is injured at 15:39 of 3rd period (Left Leg)

Finance

Level 1 -- Attendance: 5600 (93.33%) -- Ticket Income $476,000
Level 2 -- Attendance: 4318 (86.36%) -- Ticket Income $237,490
Level 3 -- Attendance: 1844 (92.20%) -- Ticket Income $55,320
Level 4 -- Attendance: 3092 (77.30%) -- Ticket Income $61,840
Luxury Box -- Attendance: 908 (90.80%) -- Ticket Income $145,280
Game was played at the MTS Center'
Total Attendance: 15762 (87.57%)
Total Ticket Income: $975,930
Other Income: $478,206
Total Income: $1,454,136

Canucks

5 vs 5 Forward 
   Center                   Left Wing                Right Wing               Time % Phy DF OF 
 1 Pavel Datsyuk            Clarke MacArthur         Joel Ward                40     1   2  2  
 2 Cody Hodgson             Derick Brassard          Mats Zuccarello          30     1   2  2  
 3 Boyd Gordon              Matt Moulson             Michael Grabner          20     1   2  2  
 4 Pavel Datsyuk            Casey Cizikas            Brendan Gallagher        10     1   3  1  

5 vs 5 Defense 
   Defense                  Defense                                           Time % Phy DF OF 
 1 Andrei Markov            Victor Hedman                                     40     1   2  2  
 2 Christopher Tanev        Niklas Hjalmarsson                                35     1   2  2  
 3 Colby Robak              Willie Mitchell                                   20     1   2  2  
 4 Andrei Markov            Victor Hedman                                     5      1   2  2  

PowerPlay Forward 
   Center                   Left Wing                Right Wing               Time % Phy DF OF 
 1 Pavel Datsyuk            Clarke MacArthur         Joel Ward                60     0   1  4  
 2 Cody Hodgson             Derick Brassard          Mats Zuccarello          40     0   1  4  

PowerPlay Defense
   Defense                  Defense                                           Time % Phy DF OF 
 1 Andrei Markov            Victor Hedman                                     60     1   1  3  
 2 Michael Grabner          Niklas Hjalmarsson                                40     1   1  3  

Penalty Kill 4 Players Forward 
   Center                   Wing                     Time % Phy DF OF 
 1 Boyd Gordon              Casey Cizikas            60     1   3  1  
 2 Pavel Datsyuk            Michael Grabner          40     1   3  1  

Penalty Kill 4 Players Defense
   Defense                  Defense                  Time % Phy DF OF 
 1 Andrei Markov            Victor Hedman            60     1   3  1  
 2 Niklas Hjalmarsson       Willie Mitchell          40     1   3  1  

Penalty Kill - 3 Players Forward 
   Forward                                           Time % Phy DF OF 
 1 Boyd Gordon                                       60     1   2  2  
 2 Mats Zuccarello                                   40     1   2  2  

Penalty Kill - 3 Players Defense
   Defense                  Defense                  Time % Phy DF OF 
 1 Andrei Markov            Victor Hedman            60     1   2  2  
 2 Niklas Hjalmarsson       Willie Mitchell          40     1   2  2  

4 vs 4 Forward 
   Center                   Wing                     Time % Phy DF OF 
 1 Pavel Datsyuk            Mats Zuccarello          60     1   2  2  
 2 Derick Brassard          Clarke MacArthur         40     1   2  2  

4 vs 4 Defense
   Defense                  Defense                  Time % Phy DF OF 
 1 Andrei Markov            Victor Hedman            60     1   2  2  
 2 Willie Mitchell          Niklas Hjalmarsson       40     1   2  2  

Last Minutes Offensive
   Center                   Left Wing                Right Wing               Defense                  Defense                  
   Pavel Datsyuk            Derick Brassard          Mats Zuccarello          Andrei Markov            Victor Hedman            

Last Minutes Defensive
   Center                   Left Wing                Right Wing               Defense                  Defense                  
   Boyd Gordon              Casey Cizikas            Joel Ward                Christopher Tanev        Victor Hedman            

Goaltenders
Starting : Ben Bishop               
Backup : Peter Budaj              

Extra Forwards
Normal : Cody Hodgson, Brendan Gallagher, Mats Zuccarello - PP : Cody Hodgson, Brendan Gallagher - PK : Joel Ward
Extra Defensemen
Normal : Colby Robak, Victor Hedman, Andrei Markov - PP : Niklas Hjalmarsson - PK : Victor Hedman, Willie Mitchell
Penalty Shots
Mats Zuccarello, Pavel Datsyuk, Derick Brassard, Joel Ward, Cody Hodgson

Jets

5 vs 5 Forward 
   Center                   Left Wing                Right Wing               Time % Phy DF OF 
 1 Ryan Getzlaf             Alex Ovechkin            Matt Read                35     1   2  2  
 2 Frans Nielsen            Max Pacioretty           Wayne Simmonds           30     1   2  2  
 3 John Tavares             Marcus Kruger            Antoine Roussel          22     1   2  2  
 4 Kyle Turris              Alex Killorn             Colin Wilson             13     1   2  2  

5 vs 5 Defense 
   Defense                  Defense                                           Time % Phy DF OF 
 1 Dan Hamhuis              Oliver Ekman-Larsson                              35     1   2  2  
 2 Tyler Myers              Keith Yandle                                      30     1   2  2  
 3 Danny DeKeyser           Ryan Murray                                       22     1   2  2  
 4 Dan Hamhuis              Oliver Ekman-Larsson                              13     1   2  2  

PowerPlay Forward 
   Center                   Left Wing                Right Wing               Time % Phy DF OF 
 1 Ryan Getzlaf             Alex Ovechkin            Matt Read                60     1   2  2  
 2 Frans Nielsen            Max Pacioretty           Wayne Simmonds           40     1   2  2  

PowerPlay Defense
   Defense                  Defense                                           Time % Phy DF OF 
 1 Dan Hamhuis              Oliver Ekman-Larsson                              60     1   2  2  
 2 Tyler Myers              Keith Yandle                                      40     1   2  2  

Penalty Kill 4 Players Forward 
   Center                   Wing                     Time % Phy DF OF 
 1 Ryan Getzlaf             Alex Ovechkin            60     1   2  2  
 2 Frans Nielsen            Max Pacioretty           40     1   2  2  

Penalty Kill 4 Players Defense
   Defense                  Defense                  Time % Phy DF OF 
 1 Dan Hamhuis              Oliver Ekman-Larsson     60     1   2  2  
 2 Tyler Myers              Keith Yandle             40     1   2  2  

Penalty Kill - 3 Players Forward 
   Forward                                           Time % Phy DF OF 
 1 Ryan Getzlaf                                      60     1   2  2  
 2 Alex Ovechkin                                     40     1   2  2  

Penalty Kill - 3 Players Defense
   Defense                  Defense                  Time % Phy DF OF 
 1 Dan Hamhuis              Oliver Ekman-Larsson     60     1   2  2  
 2 Tyler Myers              Keith Yandle             40     1   2  2  

4 vs 4 Forward 
   Center                   Wing                     Time % Phy DF OF 
 1 Ryan Getzlaf             Alex Ovechkin            60     1   2  2  
 2 Frans Nielsen            Max Pacioretty           40     1   2  2  

4 vs 4 Defense
   Defense                  Defense                  Time % Phy DF OF 
 1 Dan Hamhuis              Oliver Ekman-Larsson     60     1   2  2  
 2 Tyler Myers              Keith Yandle             40     1   2  2  

Last Minutes Offensive
   Center                   Left Wing                Right Wing               Defense                  Defense                  
   Ryan Getzlaf             Alex Ovechkin            Matt Read                Dan Hamhuis              Oliver Ekman-Larsson     

Last Minutes Defensive
   Center                   Left Wing                Right Wing               Defense                  Defense                  
   Ryan Getzlaf             Alex Ovechkin            Matt Read                Dan Hamhuis              Oliver Ekman-Larsson     

Goaltenders
Starting : Tuukka Rask              
Backup : Justin Peters            

Extra Forwards
Normal : John Tavares, Kyle Turris, Marcus Kruger - PP : John Tavares, Kyle Turris - PK : Marcus Kruger
Extra Defensemen
Normal : Danny DeKeyser, Ryan Murray, Tyler Myers - PP : Danny DeKeyser - PK : Ryan Murray, Tyler Myers
Penalty Shots
Ryan Getzlaf, Alex Ovechkin, Frans Nielsen, Max Pacioretty, John Tavares

% Time on Ice - Canucks

Lines # - Real PCT - Wanted PCT - Time Play
Normal Forward
1 - 36% - 40% - 14:05
2 - 36% - 30% - 14:07
3 - 22% - 20% - 8:27
4 - 6% - 10% - 2:30
Normal Defense
1 - 41% - 40% - 16:04
2 - 42% - 35% - 16:15
3 - 17% - 20% - 6:50
4 - 0% - 5% - 0:00
PP Forward
1 - 56% - 60% - 4:56
2 - 44% - 40% - 3:54
PP Defense
1 - 60% - 60% - 5:20
2 - 40% - 40% - 3:30
PK Forward
1 - 78% - 60% - 9:09
2 - 22% - 40% - 2:33
PK Defense
1 - 63% - 60% - 7:20
2 - 37% - 40% - 4:22
PK3 Forward
1 - 0% - 60%
2 - 0% - 40%
PK3 Defense
1 - 0% - 60%
2 - 0% - 40%
44 Forward
1 - 100% - 60% - 1:22
2 - 0% - 40% - 0:00
44 Defense
1 - 77% - 60% - 1:03
2 - 23% - 40% - 0:19
Last Minute Offensive  - 0:00
Last Minute Defensive  - 0:00
Total
Forward - 61:03
Defense - 61:03

% Time on Ice - Jets

Lines # - Real PCT - Wanted PCT - Time Play
Normal Forward
1 - 28% - 35% - 10:49
2 - 26% - 30% - 10:15
3 - 29% - 22% - 11:25
4 - 17% - 13% - 6:40
Normal Defense
1 - 36% - 35% - 14:08
2 - 34% - 30% - 13:22
3 - 26% - 22% - 10:05
4 - 4% - 13% - 1:34
PP Forward
1 - 53% - 60% - 6:14
2 - 47% - 40% - 5:28
PP Defense
1 - 52% - 60% - 6:07
2 - 48% - 40% - 5:35
PK Forward
1 - 78% - 60% - 6:56
2 - 22% - 40% - 1:54
PK Defense
1 - 81% - 60% - 7:08
2 - 19% - 40% - 1:42
PK3 Forward
1 - 0% - 60%
2 - 0% - 40%
PK3 Defense
1 - 0% - 60%
2 - 0% - 40%
44 Forward
1 - 100% - 60% - 1:22
2 - 0% - 40% - 0:00
44 Defense
1 - 39% - 60% - 0:32
2 - 61% - 40% - 0:50
Last Minute Offensive  - 0:00
Last Minute Defensive  - 0:00
Total
Forward - 61:03
Defense - 61:03

Play by Play

1st period


0:01 of 1st period - Ryan Getzlaf wins face-off versus Pavel Datsyuk in neutral zone.
0:22 of 1st period - Slapshot by Pavel Datsyuk.
0:22 of 1st period - Shot Blocked by Dan Hamhuis.
0:24 of 1st period - Slapshot by Victor Hedman.
0:24 of 1st period - Shot Blocked by Dan Hamhuis.
0:26 of 1st period - Wrist shot by Andrei Markov.
0:26 of 1st period - Stopped by Tuukka Rask without a rebound.
0:27 of 1st period - Max Pacioretty wins face-off versus Cody Hodgson in Jets zone.
0:34 of 1st period - Niklas Hjalmarsson is hit by Frans Nielsen and loses puck.
0:41 of 1st period - Cody Hodgson is hit by Frans Nielsen and loses puck.
0:59 of 1st period - Snap shot by Derick Brassard.
0:59 of 1st period - Shot Misses the Net.
1:56 of 1st period - Victor Hedman is hit by Colin Wilson and loses puck.
2:11 of 1st period - Slapshot by Clarke MacArthur.
2:11 of 1st period - Stopped by Tuukka Rask without a rebound.
2:12 of 1st period - Pavel Datsyuk wins face-off versus Ryan Getzlaf in Jets zone.
2:22 of 1st period - Willie Mitchell is hit by Ryan Murray and loses puck.
3:27 of 1st period - Minor Penalty to Mats Zuccarello for Hooking.
3:28 of 1st period - Ryan Getzlaf wins face-off versus Boyd Gordon in Canucks zone.
3:38 of 1st period - Snap shot by Ryan Getzlaf.
3:38 of 1st period - Shot Blocked by Boyd Gordon.
3:40 of 1st period - Snap shot by Dan Hamhuis.
3:40 of 1st period - Stopped by Ben Bishop with a rebound.
3:42 of 1st period - Slapshot by Dan Hamhuis.
3:42 of 1st period - Deflect By Victor Hedman.
3:42 of 1st period - Stopped by Ben Bishop with a rebound.
3:54 of 1st period - Snap shot by Alex Ovechkin.
3:54 of 1st period - Shot Misses the Net.
4:16 of 1st period - Snap shot by Pavel Datsyuk.
4:16 of 1st period - Deflect By Michael Grabner.
4:16 of 1st period - Deflect By Oliver Ekman-Larsson.
4:16 of 1st period - Shot Misses the Net.
4:16 of 1st period - Puck is out of play.
4:17 of 1st period - Pavel Datsyuk wins face-off versus Frans Nielsen in Jets zone.
4:29 of 1st period - Icing by Tyler Myers.
4:30 of 1st period - Frans Nielsen wins face-off versus Boyd Gordon in Jets zone.
5:27 of 1st period - Penalty to Mats Zuccarello is over, Mats Zuccarello is back on ice.
6:25 of 1st period - Snap shot by Marcus Kruger.
6:25 of 1st period - Stopped by Ben Bishop with a rebound.
6:27 of 1st period - Slapshot by Antoine Roussel.
6:27 of 1st period - Shot Misses the Net.
6:31 of 1st period - Snap shot by John Tavares.
6:31 of 1st period - Stopped by Ben Bishop without a rebound.
6:32 of 1st period - Kyle Turris wins face-off versus Cody Hodgson in Canucks zone.
6:37 of 1st period - Wrist shot by Alex Killorn.
6:37 of 1st period - Shot Misses the Net.
7:31 of 1st period - Wrist shot by Wayne Simmonds.
7:31 of 1st period - Deflect By Max Pacioretty.
7:31 of 1st period - Stopped by Ben Bishop without a rebound.
7:32 of 1st period - Michael Grabner wins face-off versus Frans Nielsen in Canucks zone.
7:42 of 1st period - Minor Penalty to Matt Moulson for High sticking.
7:43 of 1st period - Ryan Getzlaf wins face-off versus Boyd Gordon in Canucks zone.
7:49 of 1st period - Wrist shot by Ryan Getzlaf.
7:49 of 1st period - Goal by Ryan Getzlaf - Canucks : 0 - Jets : 1.
7:50 of 1st period - Pavel Datsyuk wins face-off versus Ryan Getzlaf in neutral zone.
7:59 of 1st period - Backhand shot by Pavel Datsyuk.
7:59 of 1st period - Deflect By Clarke MacArthur.
7:59 of 1st period - Stopped by Tuukka Rask without a rebound.
8:00 of 1st period - Ryan Getzlaf wins face-off versus Pavel Datsyuk in Jets zone.
8:15 of 1st period - Dan Hamhuis is hit by Clarke MacArthur and loses puck.
8:32 of 1st period - Niklas Hjalmarsson is hit by Dan Hamhuis.
10:02 of 1st period - Wrist shot by John Tavares.
10:02 of 1st period - Shot Misses the Net.
10:15 of 1st period - Minor Penalty to Willie Mitchell for Hooking.
10:16 of 1st period - Boyd Gordon wins face-off versus Matt Read in Canucks zone.
12:15 of 1st period - Penalty to Willie Mitchell is over, Willie Mitchell is back on ice.
12:54 of 1st period - Wrist shot by Clarke MacArthur.
12:54 of 1st period - Stopped by Tuukka Rask without a rebound.
12:55 of 1st period - Kyle Turris wins face-off versus Pavel Datsyuk in Jets zone.
13:13 of 1st period - Slapshot by Keith Yandle.
13:13 of 1st period - Stopped by Ben Bishop without a rebound.
13:14 of 1st period - Kyle Turris wins face-off versus Cody Hodgson in Canucks zone.
13:27 of 1st period - Snap shot by Kyle Turris.
13:27 of 1st period - Stopped by Ben Bishop without a rebound.
13:28 of 1st period - Frans Nielsen wins face-off versus Cody Hodgson in Canucks zone.
14:39 of 1st period - Wrist shot by Pavel Datsyuk.
14:39 of 1st period - Stopped by Tuukka Rask without a rebound.
14:40 of 1st period - Boyd Gordon wins face-off versus John Tavares in Jets zone.
14:43 of 1st period - Snap shot by Michael Grabner.
14:43 of 1st period - Shot Blocked by Dan Hamhuis.
14:45 of 1st period - Slapshot by Michael Grabner.
14:45 of 1st period - Shot Misses the Net.
14:57 of 1st period - Snap shot by Michael Grabner.
14:57 of 1st period - Deflect By Dan Hamhuis.
14:57 of 1st period - Shot Blocked by Dan Hamhuis.
14:57 of 1st period - Puck is out of play.
14:58 of 1st period - Boyd Gordon wins face-off versus John Tavares in Jets zone.
15:20 of 1st period - Snap shot by John Tavares.
15:20 of 1st period - Stopped by Ben Bishop without a rebound.
15:21 of 1st period - Pavel Datsyuk wins face-off versus Matt Read in Canucks zone.
15:30 of 1st period - Wrist shot by Pavel Datsyuk.
15:30 of 1st period - Stopped by Tuukka Rask with a rebound.
15:32 of 1st period - Slapshot by Niklas Hjalmarsson.
15:32 of 1st period - Shot Misses the Net.
15:34 of 1st period - Slapshot by Christopher Tanev.
15:34 of 1st period - Shot Blocked by Ryan Getzlaf.
16:05 of 1st period - Minor Penalty to Tyler Myers for Slashing.
16:06 of 1st period - Ryan Getzlaf wins face-off versus Cody Hodgson in Jets zone.
17:33 of 1st period - Wrist shot by Pavel Datsyuk.
17:33 of 1st period - Stopped by Tuukka Rask without a rebound.
17:34 of 1st period - Pavel Datsyuk wins face-off versus Frans Nielsen in Jets zone.
17:39 of 1st period - Snap shot by Pavel Datsyuk.
17:39 of 1st period - Shot Misses the Net.
17:41 of 1st period - Wrist shot by Clarke MacArthur.
17:41 of 1st period - Stopped by Tuukka Rask with a rebound.
17:43 of 1st period - Snap shot by Clarke MacArthur.
17:43 of 1st period - Shot Blocked by Max Pacioretty.
17:45 of 1st period - Snap shot by Andrei Markov.
17:45 of 1st period - Shot Blocked by Ryan Murray.
17:57 of 1st period - Snap shot by Max Pacioretty.
17:57 of 1st period - Stopped by Ben Bishop with a rebound.
18:05 of 1st period - Penalty to Tyler Myers is over, Tyler Myers is back on ice.
18:07 of 1st period - Wrist shot by Derick Brassard.
18:07 of 1st period - Shot Misses the Net.
Goals for this period are 0 for Canucks vs 1 for Jets.
Shots for this period are 8 for Canucks vs 10 for Jets.

2nd period


0:01 of 2nd period - Ryan Getzlaf wins face-off versus Pavel Datsyuk in neutral zone.
0:17 of 2nd period - Minor Penalty to Victor Hedman for High sticking.
0:18 of 2nd period - Boyd Gordon wins face-off versus Ryan Getzlaf in Canucks zone.
0:38 of 2nd period - Wrist shot by Alex Ovechkin.
0:38 of 2nd period - Shot Misses the Net.
0:40 of 2nd period - Wrist shot by Ryan Getzlaf.
0:40 of 2nd period - Shot Misses the Net.
0:54 of 2nd period - Snap shot by Alex Ovechkin.
0:54 of 2nd period - Stopped by Ben Bishop with a rebound.
0:56 of 2nd period - Slapshot by Dan Hamhuis.
0:56 of 2nd period - Deflect By Alex Ovechkin.
0:56 of 2nd period - Stopped by Ben Bishop without a rebound.
0:57 of 2nd period - Boyd Gordon wins face-off versus Frans Nielsen in Canucks zone.
1:08 of 2nd period - Slapshot by Andrei Markov.
1:08 of 2nd period - Shot Blocked by Tyler Myers.
1:28 of 2nd period - Wrist shot by Max Pacioretty.
1:28 of 2nd period - Stopped by Ben Bishop without a rebound.
1:29 of 2nd period - Boyd Gordon wins face-off versus Ryan Getzlaf in Canucks zone.
2:17 of 2nd period - Penalty to Victor Hedman is over, Victor Hedman is back on ice.
2:18 of 2nd period - Wrist shot by Max Pacioretty.
2:18 of 2nd period - Stopped by Ben Bishop with a rebound.
2:20 of 2nd period - Slapshot by Dan Hamhuis.
2:20 of 2nd period - Shot Misses the Net.
2:22 of 2nd period - Slapshot by Frans Nielsen.
2:22 of 2nd period - Stopped by Ben Bishop with a rebound.
2:24 of 2nd period - Wrist shot by Max Pacioretty.
2:24 of 2nd period - Stopped by Ben Bishop without a rebound.
2:25 of 2nd period - Pavel Datsyuk wins face-off versus John Tavares in Canucks zone.
2:32 of 2nd period - Keith Yandle is hit by Pavel Datsyuk and loses puck.
2:52 of 2nd period - Off-side.
2:53 of 2nd period - Cody Hodgson wins face-off versus Kyle Turris in neutral zone.
3:02 of 2nd period - Snap shot by Derick Brassard.
3:02 of 2nd period - Shot Blocked by Colin Wilson.
3:04 of 2nd period - Minor Penalty to Oliver Ekman-Larsson for Tripping.
3:05 of 2nd period - Pavel Datsyuk wins face-off versus Ryan Getzlaf in Jets zone.
3:16 of 2nd period - Snap shot by Clarke MacArthur.
3:16 of 2nd period - Goal by Clarke MacArthur - Canucks : 1 - Jets : 1.
3:17 of 2nd period - Ryan Getzlaf wins face-off versus Pavel Datsyuk in neutral zone.
3:22 of 2nd period - Slapshot by Dan Hamhuis.
3:22 of 2nd period - Stopped by Ben Bishop without a rebound.
3:23 of 2nd period - Pavel Datsyuk wins face-off versus Ryan Getzlaf in Canucks zone.
3:45 of 2nd period - Ryan Getzlaf is hit by Victor Hedman and loses puck.
4:16 of 2nd period - Frans Nielsen is hit by Mats Zuccarello and loses puck.
4:27 of 2nd period - Mats Zuccarello is hit by Dan Hamhuis and loses puck.
4:36 of 2nd period - Frans Nielsen is hit by Derick Brassard and loses puck.
6:09 of 2nd period - Backhand shot by Kyle Turris.
6:09 of 2nd period - Stopped by Ben Bishop with a rebound.
6:35 of 2nd period - Snap shot by Pavel Datsyuk.
6:35 of 2nd period - Stopped by Tuukka Rask without a rebound.
6:36 of 2nd period - Ryan Getzlaf wins face-off versus Pavel Datsyuk in Jets zone.
6:41 of 2nd period - Slapshot by Pavel Datsyuk.
6:41 of 2nd period - Stopped by Tuukka Rask without a rebound.
6:42 of 2nd period - Ryan Getzlaf wins face-off versus Pavel Datsyuk in Jets zone.
6:47 of 2nd period - Andrei Markov is hit by Tyler Myers and loses puck.
7:32 of 2nd period - Snap shot by Derick Brassard.
7:32 of 2nd period - Shot Misses the Net.
7:45 of 2nd period - Max Pacioretty is hit by Derick Brassard and loses puck.
7:52 of 2nd period - Colby Robak is hit by Tyler Myers and loses puck.
8:23 of 2nd period - Slapshot by Oliver Ekman-Larsson.
8:23 of 2nd period - Stopped by Ben Bishop without a rebound.
8:24 of 2nd period - John Tavares wins face-off versus Joel Ward in Canucks zone.
8:31 of 2nd period - Snap shot by Marcus Kruger.
8:31 of 2nd period - Shot Misses the Net.
9:18 of 2nd period - Icing by Christopher Tanev.
9:19 of 2nd period - Boyd Gordon wins face-off versus Ryan Getzlaf in Canucks zone.
9:23 of 2nd period - Off-side.
9:24 of 2nd period - Frans Nielsen wins face-off versus Boyd Gordon in neutral zone.
9:42 of 2nd period - Snap shot by Matt Moulson.
9:42 of 2nd period - Stopped by Tuukka Rask with a rebound.
9:44 of 2nd period - Slapshot by Andrei Markov.
9:44 of 2nd period - Shot Misses the Net.
10:42 of 2nd period - Cody Hodgson is hit by Ryan Getzlaf and loses puck.
10:59 of 2nd period - Snap shot by John Tavares.
10:59 of 2nd period - Stopped by Ben Bishop without a rebound.
11:00 of 2nd period - John Tavares wins face-off versus Clarke MacArthur in Canucks zone.
11:34 of 2nd period - Snap shot by John Tavares.
11:34 of 2nd period - Shot Blocked by Willie Mitchell.
11:40 of 2nd period - Minor Penalty to Clarke MacArthur for Hooking.
11:41 of 2nd period - Ryan Getzlaf wins face-off versus Boyd Gordon in Canucks zone.
11:56 of 2nd period - Slapshot by Andrei Markov.
11:56 of 2nd period - Stopped by Tuukka Rask without a rebound.
11:57 of 2nd period - Ryan Getzlaf wins face-off versus Boyd Gordon in Jets zone.
12:02 of 2nd period - Slapshot by Oliver Ekman-Larsson.
12:02 of 2nd period - Stopped by Ben Bishop with a rebound.
12:22 of 2nd period - Slapshot by Alex Ovechkin.
12:22 of 2nd period - Stopped by Ben Bishop with a rebound.
13:12 of 2nd period - Wrist shot by Keith Yandle.
13:12 of 2nd period - Stopped by Ben Bishop without a rebound.
13:13 of 2nd period - Boyd Gordon wins face-off versus Frans Nielsen in Canucks zone.
13:24 of 2nd period - Slapshot by Frans Nielsen.
13:24 of 2nd period - Shot Misses the Net.
13:26 of 2nd period - Slapshot by Frans Nielsen.
13:26 of 2nd period - Shot Misses the Net.
13:28 of 2nd period - Slapshot by Tyler Myers.
13:28 of 2nd period - Shot Misses the Net.
13:40 of 2nd period - Penalty to Clarke MacArthur is over, Clarke MacArthur is back on ice.
14:04 of 2nd period - Kyle Turris is hit by Mats Zuccarello and loses puck.
14:11 of 2nd period - Snap shot by Ryan Murray.
14:11 of 2nd period - Shot Misses the Net.
14:13 of 2nd period - Snap shot by Kyle Turris.
14:13 of 2nd period - Shot Blocked by Niklas Hjalmarsson.
14:15 of 2nd period - Slapshot by Ryan Murray.
14:15 of 2nd period - Stopped by Ben Bishop with a rebound.
14:17 of 2nd period - Slapshot by Kyle Turris.
14:17 of 2nd period - Stopped by Ben Bishop with a rebound.
14:19 of 2nd period - Slapshot by Danny DeKeyser.
14:19 of 2nd period - Deflect By Willie Mitchell.
14:19 of 2nd period - Stopped by Ben Bishop without a rebound.
14:20 of 2nd period - Pavel Datsyuk wins face-off versus Marcus Kruger in Canucks zone.
14:25 of 2nd period - Slapshot by Clarke MacArthur.
14:25 of 2nd period - Deflect By Oliver Ekman-Larsson.
14:25 of 2nd period - Shot Misses the Net.
14:25 of 2nd period - Puck is out of play.
14:26 of 2nd period - John Tavares wins face-off versus Pavel Datsyuk in Jets zone.
14:47 of 2nd period - Slapshot by John Tavares.
14:47 of 2nd period - Stopped by Ben Bishop without a rebound.
14:48 of 2nd period - Cody Hodgson wins face-off versus Max Pacioretty in Canucks zone.
15:19 of 2nd period - Snap shot by Cody Hodgson.
15:19 of 2nd period - Shot Misses the Net.
15:21 of 2nd period - Wrist shot by Mats Zuccarello.
15:21 of 2nd period - Shot Misses the Net.
15:42 of 2nd period - Dan Hamhuis is hit by Clarke MacArthur and loses puck.
15:47 of 2nd period - Wrist shot by Pavel Datsyuk.
15:47 of 2nd period - Shot Misses the Net.
15:56 of 2nd period - Major Penalty to Dan Hamhuis for Kneeing.
15:57 of 2nd period - Pavel Datsyuk wins face-off versus Alex Ovechkin in Jets zone.
16:20 of 2nd period - Ryan Murray is hit by Clarke MacArthur and loses puck.
16:33 of 2nd period - Slapshot by Victor Hedman.
16:33 of 2nd period - Stopped by Tuukka Rask with a rebound.
16:35 of 2nd period - Slapshot by Andrei Markov.
16:35 of 2nd period - Stopped by Tuukka Rask with a rebound.
16:37 of 2nd period - Slapshot by Andrei Markov.
16:37 of 2nd period - Stopped by Tuukka Rask with a rebound.
16:39 of 2nd period - Snap shot by Victor Hedman.
16:39 of 2nd period - Shot Blocked by Ryan Murray.
16:41 of 2nd period - Slapshot by Andrei Markov.
16:41 of 2nd period - Shot Blocked by Ryan Murray.
17:13 of 2nd period - Niklas Hjalmarsson is hit by Alex Ovechkin and loses puck.
17:45 of 2nd period - Andrei Markov is hit by Ryan Murray and loses puck.
18:06 of 2nd period - Wrist shot by Frans Nielsen.
18:06 of 2nd period - Shot Blocked by Niklas Hjalmarsson.
18:24 of 2nd period - Marcus Kruger is hit by Michael Grabner and loses puck.
18:48 of 2nd period - Wrist shot by Clarke MacArthur.
18:48 of 2nd period - Shot Blocked by Tyler Myers.
18:50 of 2nd period - Slapshot by Niklas Hjalmarsson.
18:50 of 2nd period - Shot Blocked by Keith Yandle.
18:52 of 2nd period - Wrist shot by Pavel Datsyuk.
18:52 of 2nd period - Stopped by Tuukka Rask without a rebound.
18:53 of 2nd period - Marcus Kruger wins face-off versus Pavel Datsyuk in Jets zone.
19:39 of 2nd period - Off-side.
19:40 of 2nd period - Ryan Getzlaf wins face-off versus Pavel Datsyuk in neutral zone.
19:49 of 2nd period - Niklas Hjalmarsson is hit by Alex Ovechkin and loses puck.
Goals for this period are 1 for Canucks vs 0 for Jets.
Shots for this period are 9 for Canucks vs 17 for Jets.

3rd period


0:01 of 3rd period - Ryan Getzlaf wins face-off versus Pavel Datsyuk in neutral zone.
0:04 of 3rd period - Slapshot by Oliver Ekman-Larsson.
0:04 of 3rd period - Shot Blocked by Clarke MacArthur.
0:06 of 3rd period - Slapshot by Ryan Murray.
0:06 of 3rd period - Stopped by Ben Bishop with a rebound.
0:38 of 3rd period - Ryan Getzlaf is hit by Pavel Datsyuk and loses puck.
0:56 of 3rd period - Penalty to Dan Hamhuis is over, Dan Hamhuis is back on ice.
1:03 of 3rd period - Niklas Hjalmarsson is hit by Wayne Simmonds and loses puck.
1:30 of 3rd period - Snap shot by Frans Nielsen.
1:30 of 3rd period - Shot Misses the Net.
1:49 of 3rd period - Minor Penalty to Colby Robak for Hooking.
1:50 of 3rd period - Ryan Getzlaf wins face-off versus Boyd Gordon in Canucks zone.
2:00 of 3rd period - Slapshot by Andrei Markov.
2:00 of 3rd period - Shot Blocked by Oliver Ekman-Larsson.
2:29 of 3rd period - Wrist shot by Frans Nielsen.
2:29 of 3rd period - Shot Blocked by Andrei Markov.
2:31 of 3rd period - Slapshot by Dan Hamhuis.
2:31 of 3rd period - Shot Misses the Net.
2:33 of 3rd period - Slapshot by Oliver Ekman-Larsson.
2:33 of 3rd period - Shot Misses the Net.
2:35 of 3rd period - Slapshot by Tyler Myers.
2:35 of 3rd period - Deflect By Wayne Simmonds.
2:35 of 3rd period - Shot Misses the Net.
2:35 of 3rd period - Puck is out of play.
2:36 of 3rd period - Boyd Gordon wins face-off versus Ryan Getzlaf in Canucks zone.
2:49 of 3rd period - Casey Cizikas is hit by Alex Ovechkin and loses puck.
3:49 of 3rd period - Penalty to Colby Robak is over, Colby Robak is back on ice.
3:56 of 3rd period - Snap shot by Pavel Datsyuk.
3:56 of 3rd period - Stopped by Tuukka Rask without a rebound.
3:57 of 3rd period - Alex Ovechkin wins face-off versus Cody Hodgson in Jets zone.
4:20 of 3rd period - Victor Hedman is hit by John Tavares and loses puck.
4:21 of 3rd period - Victor Hedman from Canucks is injured at 4:21 of 3rd period (Sprained Right Finger).
4:22 of 3rd period - Ryan Getzlaf wins face-off versus Pavel Datsyuk in Canucks zone.
4:59 of 3rd period - Snap shot by Ryan Getzlaf.
4:59 of 3rd period - Shot Misses the Net.
5:42 of 3rd period - Snap shot by Matt Moulson.
5:42 of 3rd period - Shot Misses the Net.
5:44 of 3rd period - Slapshot by Christopher Tanev.
5:44 of 3rd period - Deflect By Matt Moulson.
5:44 of 3rd period - Shot Blocked by Max Pacioretty.
5:44 of 3rd period - Puck is out of play.
5:45 of 3rd period - Cody Hodgson wins face-off versus John Tavares in Jets zone.
6:35 of 3rd period - Alex Killorn is hit by Mats Zuccarello and loses puck.
8:07 of 3rd period - Colby Robak is hit by Wayne Simmonds and loses puck.
8:16 of 3rd period - Slapshot by Oliver Ekman-Larsson.
8:16 of 3rd period - Deflect By Andrei Markov.
8:16 of 3rd period - Stopped by Ben Bishop with a rebound.
8:24 of 3rd period - Minor Penalty to Wayne Simmonds for Hooking.
8:25 of 3rd period - Ryan Getzlaf wins face-off versus Cody Hodgson in Jets zone.
8:25 of 3rd period - Ryan Getzlaf is hit by Michael Grabner.
9:42 of 3rd period - Frans Nielsen is hit by Joel Ward and loses puck.
9:51 of 3rd period - Snap shot by Pavel Datsyuk.
9:51 of 3rd period - Shot Misses the Net.
9:53 of 3rd period - Snap shot by Clarke MacArthur.
9:53 of 3rd period - Stopped by Tuukka Rask with a rebound.
9:55 of 3rd period - Backhand shot by Niklas Hjalmarsson.
9:55 of 3rd period - Shot Blocked by Frans Nielsen.
10:04 of 3rd period - Minor Penalty to Andrei Markov for Holding.
10:05 of 3rd period - Ryan Getzlaf wins face-off versus Pavel Datsyuk in Canucks zone.
10:15 of 3rd period - Slapshot by Alex Ovechkin.
10:15 of 3rd period - Shot Blocked by Willie Mitchell.
10:17 of 3rd period - Slapshot by Tyler Myers.
10:17 of 3rd period - Shot Blocked by Willie Mitchell.
10:19 of 3rd period - Snap shot by Ryan Getzlaf.
10:19 of 3rd period - Stopped by Ben Bishop with a rebound.
10:21 of 3rd period - Slapshot by Keith Yandle.
10:21 of 3rd period - Stopped by Ben Bishop without a rebound.
10:22 of 3rd period - Ryan Getzlaf wins face-off versus Pavel Datsyuk in Canucks zone.
10:24 of 3rd period - Penalty to Wayne Simmonds is over, Wayne Simmonds is back on ice.
10:55 of 3rd period - Frans Nielsen is hit by Willie Mitchell and loses puck.
12:04 of 3rd period - Penalty to Andrei Markov is over, Andrei Markov is back on ice.
12:13 of 3rd period - Slapshot by Ryan Getzlaf.
12:13 of 3rd period - Shot Misses the Net.
13:23 of 3rd period - Tyler Myers is hit by Joel Ward and loses puck.
13:32 of 3rd period - Snap shot by Oliver Ekman-Larsson.
13:32 of 3rd period - Deflect By Kyle Turris.
13:32 of 3rd period - Shot Blocked by Colby Robak.
13:32 of 3rd period - Puck is out of play.
13:33 of 3rd period - Kyle Turris wins face-off versus Boyd Gordon in Canucks zone.
14:15 of 3rd period - Snap shot by Wayne Simmonds.
14:15 of 3rd period - Stopped by Ben Bishop with a rebound.
14:47 of 3rd period - Cody Hodgson is hit by Antoine Roussel and loses puck.
15:20 of 3rd period - Marcus Kruger is hit by Michael Grabner and loses puck.
15:38 of 3rd period - Ryan Murray is hit by Matt Moulson and loses puck.
15:39 of 3rd period - Ryan Murray from Jets is injured at 15:39 of 3rd period (Left Leg).
15:40 of 3rd period - Ryan Getzlaf wins face-off versus Pavel Datsyuk in Jets zone.
15:55 of 3rd period - Wrist shot by Ryan Getzlaf.
15:55 of 3rd period - Stopped by Ben Bishop with a rebound.
15:57 of 3rd period - Wrist shot by Ryan Getzlaf.
15:57 of 3rd period - Stopped by Ben Bishop with a rebound.
16:47 of 3rd period - Wrist shot by Cody Hodgson.
16:47 of 3rd period - Shot Misses the Net.
16:49 of 3rd period - Wrist shot by Mats Zuccarello.
16:49 of 3rd period - Stopped by Tuukka Rask without a rebound.
16:50 of 3rd period - John Tavares wins face-off versus Cody Hodgson in Jets zone.
17:13 of 3rd period - Snap shot by Cody Hodgson.
17:13 of 3rd period - Shot Blocked by Keith Yandle.
17:15 of 3rd period - Wrist shot by Cody Hodgson.
17:15 of 3rd period - Shot Misses the Net.
17:17 of 3rd period - Snap shot by Niklas Hjalmarsson.
17:17 of 3rd period - Stopped by Tuukka Rask without a rebound.
17:18 of 3rd period - Boyd Gordon wins face-off versus Wayne Simmonds in Jets zone.
17:39 of 3rd period - Backhand shot by Andrei Markov.
17:39 of 3rd period - Shot Misses the Net.
18:26 of 3rd period - Off-side.
18:27 of 3rd period - Cody Hodgson wins face-off versus John Tavares in neutral zone.
19:27 of 3rd period - Wrist shot by Pavel Datsyuk.
19:27 of 3rd period - Shot Blocked by Oliver Ekman-Larsson.
19:33 of 3rd period - Snap shot by Pavel Datsyuk.
19:33 of 3rd period - Stopped by Tuukka Rask with a rebound.
Goals for this period are 0 for Canucks vs 0 for Jets.
Shots for this period are 5 for Canucks vs 7 for Jets.

Overtime #1


0:01 of 1st overtime period - Pavel Datsyuk wins face-off versus Ryan Getzlaf in neutral zone.
0:06 of 1st overtime period - Slapshot by Mats Zuccarello.
0:06 of 1st overtime period - Stopped by Tuukka Rask with a rebound.
0:08 of 1st overtime period - Slapshot by Mats Zuccarello.
0:08 of 1st overtime period - Stopped by Tuukka Rask with a rebound.
0:10 of 1st overtime period - Slapshot by Andrei Markov.
0:10 of 1st overtime period - Deflect By Mats Zuccarello.
0:10 of 1st overtime period - Stopped by Tuukka Rask with a rebound.
0:12 of 1st overtime period - Backhand shot by Andrei Markov.
0:12 of 1st overtime period - Shot Misses the Net.
0:18 of 1st overtime period - Snap shot by Pavel Datsyuk.
0:18 of 1st overtime period - Stopped by Tuukka Rask with a rebound.
0:20 of 1st overtime period - Slapshot by Andrei Markov.
0:20 of 1st overtime period - Shot Misses the Net.
0:29 of 1st overtime period - Snap shot by Pavel Datsyuk.
0:29 of 1st overtime period - Stopped by Tuukka Rask with a rebound.
0:31 of 1st overtime period - Slapshot by Andrei Markov.
0:31 of 1st overtime period - Deflect By Pavel Datsyuk.
0:31 of 1st overtime period - Shot Misses the Net.
0:31 of 1st overtime period - Puck is out of play.
0:32 of 1st overtime period - Ryan Getzlaf wins face-off versus Pavel Datsyuk in Jets zone.
1:03 of 1st overtime period - Slapshot by Tyler Myers.
1:03 of 1st overtime period - Goal by Tyler Myers - Canucks : 1 - Jets : 2.
Goals for this period are 0 for Canucks vs 1 for Jets.
Shots for this period are 5 for Canucks vs 1 for Jets.


Output by the SimonT Hockey Simulator (STHS) for Eric Dolegowski -- Original Page W3C XHTML 1.0 Valid
Hockey Simulator - Hockey Simulation - Hockey Manager